Description

Source : Ogaming SC2

Build Order

Get SALT Encoding   

  14  0:17  Supply Depot  
  15  0:29  Refinery  
  16  0:45  Barracks  
  17  0:55  Refinery  
  21  1:33  Marine  
  21  1:36  Factory  
  21  1:40  Orbital Command  
  21  1:50  Supply Depot  
  22  1:53  Marine  
  24  2:11  Marine  
  25  2:21  Starport  
  25  2:27  Supply Depot  
  26  2:29  Marine  
  27  2:35  Factory Reactor  
  29  2:47  Marine  
  29  2:50  Supply Depot  
  30  2:59  Fusion Core  
  31  3:06  Marine  
  31  3:07  Starport Tech Lab  
  37  3:17  Cyclone x2  
  39  3:24  Marine  
  38  3:30  Supply Depot  
  42  3:53  Hellion x2  
  43  3:56  Marine  
  48  3:58  Battlecruiser  
  49  4:05  Supply Depot  
  54  4:17  Hellion x2  
  55  4:20  Marine  
  55  4:38  Supply Depot  
  59  4:40  Hellion x2  
  65  5:06  Battlecruiser  
  66  5:24  Marine, Hellion x2  
  74  5:47  Hellion x2  
  75  5:49  Marine  
  81  6:11  Battlecruiser  
  82  6:25  Marine  
Spawning Tool Build Advisor. Get it on Overwolf

Go to:

Details

  • Created by: Kamunagara73
  • Published on: Dec 15, 2017
  • Modified on: Dec 16, 2017
  • Patch: 4.0.0
Show
View Real Time Build Order
Export as new Build Order

Comments (0)

There are no comments. Be the first!

Create an account to comment!